 Dungeon Crawl Stone Soup version 0.32-a0-799-g95e1662365 (webtiles) character file.

Game seed: 17928337614775905919

58 kae the Slasher (level 4, -2/49 HPs)
             Began as a Coglin Gladiator on Mar 21, 2024.
             Slain by an orc
             ... wielding a +0 hand axe
              (6 damage)
             ... on level 2 of the Dungeon.
             The game lasted 00:00:59 (1058 turns).

kae the Slasher (Coglin Gladiator)                  Turns: 1058, Time: 00:01:00

Health: -2/49      AC:  4    Str: 14    XL:     4   Next: 2%
Magic:  4/4        EV: 11    Int:  7    God:
Gold:   75         SH:  0    Dex: 18    Spells: 3/3 levels left

rFire   . . .        a - +1 long sword {Gottfried}
rCold   . . .        f - +0 dagger {Ramose}
rNeg    . . .        b - +0 leather armour
rPois   .            c - +0 helmet
rElec   .            (no cloak)
rCorr   .            (no gloves)
SInv    .            (no boots)
Will    .....        (amulet unavailable) Stlth
                     (ring unavailable)
HPRegen 0.28/turn    (ring unavailable)
MPRegen 0.09/turn    (no gizmo)

%: no passive effects
@: confused, berserking, revving, very quick
A: off-hand wielding, slow wielding, warmup strikes, no jewellery
a: Invent Gizmo


You were on level 2 of the Dungeon.
You visited 1 branch of the dungeon, and saw 2 of its levels.

You collected 75 gold pieces.


Innate Abilities, Weirdness & Mutations

You can wield a second weapon in your off-hand.
It takes a long time for you to wield or remove held weapons.
Your first few attacks do less damage.
You cannot equip rings or amulets.


   Skills:
 - Level 2.0 Fighting
 + Level 4.8 Long Blades
 - Level 1.7 Throwing
 - Level 2.6 Dodging


You had 3 spell levels left.
You didn't know any spells.
Your spell library was empty.

Inventory:

Hand Weapons
 a - a +1 long sword (weapon) {Gottfried}
 f - a +0 dagger (offhand) {Ramose}
Missiles
 d - 3 throwing nets (quivered) {=f!f}
 e - a javelin
 g - 31 stones
Armour
 b - a +0 leather armour (worn)
 c - a +0 helmet (worn)
Scrolls
 h - a scroll of teleportation {unknown}
 j - a scroll of fear {unknown}
Potions
 i - a potion of attraction {unknown}

Dungeon Overview and Level Annotations

Branches:
Dungeon (2/15) Zot: 10936

Altars:

#....###.###...#....#.....
#........##.........#.....
####....######.........#.....
#............†)........#.....
#.........####...............
#.........# #######.........
#.........####...............
#####.....#......... ...#####
#.....#o@....... ..
#.....o)o.......
#.....o.........
####............
.......###.... .........#
.... ..........# ...
..........# [. ..........#


You could see an orc wizard and 3 orcs.


Message History

k - a sedimented puce potion No target in view!
No target in view!
No target in view!
No target in view!
You open the door.
There is an open door here.
A hobgoblin comes into view.
A hobgoblin is nearby!
A hobgoblin is nearby!
The helpless hobgoblin fails to defend itself.
You puncture the hobgoblin with your +0 dagger!
You kill the hobgoblin!
You have reached level 4!
You feel agile. 😎 HP[+6] MP[+1]
You now have 33 max hp (+6).
Your hp is fully restored (33).
Your mp is fully restored (4).
You see here a hobgoblin corpse.
An orc wizard comes into view. It is wielding a +0 dagger.
An orc comes into view. It is wielding a +0 hand axe.
A goblin comes into view.
It is wielding a +0 dagger of protection.
There are monsters nearby!
An orc comes into view. It is wielding a +1 mace of holy wrath.
The orc wizard shouts!
The orc wizard points at you and mumbles some strange words.
The puff of flame hits you!
An orc comes into view. It is wielding a +0 short sword.
You barely miss the goblin with your +0 dagger.
You slash the goblin with your +1 long sword!
You kill the goblin!
There are monsters nearby!
You hit the orc but do no damage.
You closely miss the orc with your +1 long sword.
The orc hits you with a +0 hand axe.
You closely miss the orc with your +0 dagger.
You barely miss the orc with your +1 long sword.
The orc hits you with a +0 hand axe.
There are monsters nearby! 😮 HP[-9]
You take 9 damage, and now have 24/33 hp.
MASSIVE DAMAGE!! (PAUSE)
You hit the orc wizard with your +1 long sword.
You hit the orc wizard with your +0 dagger.
The orc hits you with a +0 hand axe. The orc wizard casts a spell at you.
The puff of flame hits you!
* * * LOW HITPOINT WARNING * * *
😨 HP[-13]
You take 13 damage, and now have 11/33 hp.
MASSIVE DAMAGE!! (PAUSE)
You hit the orc wizard with your +1 long sword.
You miss the orc wizard with your +0 dagger.
The orc misses you.
The orc wizard hits you with a +0 dagger.
* * * LOW HITPOINT WARNING * * *
Unknown command. 😱 HP[-3]
You take 3 damage, and now have 8/33 hp.
You hit the orc wizard with your +1 long sword.
You hit the orc wizard but do no damage.
The orc closely misses you.
The orc wizard points at you and mumbles some strange words.
You are confused.
Unknown command.
You bump into the rock wall.
The orc hits you with a +0 hand axe.
* * * LOW HITPOINT WARNING * * *
The orc hits you with a +1 mace of holy wrath.
* * * LOW HITPOINT WARNING * * *
The orc wizard barely misses you. 😱 HP[-6]
You take 6 damage, and now have 2/33 hp.
Unknown command.
It was a potion of heal wounds.
You feel much better. The orc hits you with a +0 hand axe.
* * * LOW HITPOINT WARNING * * *
The orc hits you with a +0 short sword.
* * * LOW HITPOINT WARNING * * *
The orc hits you with a +1 mace of holy wrath.
* * * LOW HITPOINT WARNING * * *
The orc wizard casts a spell at you.
You are more confused. 😱 HP[+1]
The orc attacks as it pursues you! The orc closely misses you.
The orc hits you with a +1 mace of holy wrath.
* * * LOW HITPOINT WARNING * * *
The orc wizard hits you but does no damage.
Things that are here:
a +0 dagger of protection; a goblin corpse 😱 HP[-1]
You take 1 damage, and now have 2/33 hp.
Unknown command.
The orc attacks as it pursues you! The orc hits you but does no damage.
The orc wizard gestures at you while chanting.
You are more confused.
It was a potion of berserk rage.
A red film seems to cover your vision as you go berserk!
You feel yourself moving faster!
You feel mighty! The orc hits you with a +0 hand axe.
You die...

Skill      XL: |  1  2 |
---------------+-------+-----
Long Blades    | 4 |  4.8
Fighting       | |  2.0
Throwing       | |  1.7
Dodging        | |  2.6

Action                     |  1- 3 |  4- 6 || total
---------------------------+-------+-------++-------
  Melee: Long sword        |    96 |     6 ||   102
         Dagger            |    87 |     6 ||    93
    Use: Scroll            |     3 |       ||     3
         Potion            |     1 |     2 ||     3
   Stab: Sleeping          |     1 |       ||     1
 Armour: Leather armour    |    58 |    15 ||    73
  Dodge: Dodged            |    60 |     4 ||    64

Levels and vault maps discovered:
D:1:      matt_arrival_los_fun, layout_rooms
D:2:      layout_basic

Notes
Turn   | Place    | Note
-------+----------+-------------------------------------------
     0 | D:1      | kae the Coglin Gladiator began the quest for the Orb.
     0 | D:1      | Reached XP level 1. HP: 16/16 MP: 1/1
     0 | D:1      | magus.rc [v1.11.3]
   235 | D:1      | Reached XP level 2. HP: 21/22 MP: 2/2
   335 | D:1      | Reached skill level 4 in Long Blades
   344 | D:1      | Reached XP level 3. HP: 18/27 MP: 3/3
   702 | D:2      | HP: 5/27 [hobgoblin (2)]
   702 | D:2      | HP: 2/27 [adder (3)]
   709 | D:2      | HP: 6/27 [adder (2)]
  1033 | D:2      | Reached XP level 4. HP: 33/33 MP: 4/4
  1052 | D:2      | HP: 8/33 [orc wizard/+0 dagger (3)]
  1054 | D:2      | HP: 2/33 [orc/+1 mace of holy wrath (6)]
  1058 | D:2      | Slain by an orc

Vanquished Creatures
  An adder (D:2)
  A dart slug (D:1)
  A ribbon worm (D:2)
  2 ball pythons (D:2)
  7 endoplasms
  9 hobgoblins
  A quokka (D:2)
  5 bats
  5 frilled lizards
  5 goblins
  3 kobolds
  3 rats
43 creatures vanquished.

Table legend:
 A = Non-vault XP
 B = Vault XP
 C = Vault XP percentage of total XP
 D = Non-vault monster count
 E = Vault monster count
 F = Vault count percentage of total count
                 A         B        C        D         E       F
            +---------+---------+-------+---------+---------+-------
      Total |      84 |       0 |   0.0 |      43 |       0 |   0.0
            +---------+---------+-------+---------+---------+-------
        D:1 |      39 |       0 |   0.0 |      24 |       0 |   0.0
        D:2 |      45 |       0 |   0.0 |      19 |       0 |   0.0
            +---------+---------+-------+---------+---------+-------

Skill      XL: |  1  2 |
---------------+-------+-----
Long Blades    | 4 |  4.8
Fighting       | |  2.0
Throwing       | |  1.7
Dodging        | |  2.6

Action                     |  1- 3 |  4- 6 || total
---------------------------+-------+-------++-------
  Melee: Long sword        |    96 |     6 ||   102
         Dagger            |    87 |     6 ||    93
    Use: Scroll            |     3 |       ||     3
         Potion            |     1 |     2 ||     3
   Stab: Sleeping          |     1 |       ||     1
 Armour: Leather armour    |    58 |    15 ||    73
  Dodge: Dodged            |    60 |     4 ||    64

Illustrated notes

Table legend:
 A = Kills in this place as a percentage of kills in the entire game.
 B = Kills by you in this place as a percentage of kills by you in the entire game.
 C = Kills by friends in this place as a percentage of kills by friends in the entire game.
 D = Other kills in this place as a percentage of other kills in the entire game.
 E = Experience gained in this place as a percentage of experience gained in the entire game.
 F = Experience gained in this place divided by the number of levels of this place that you have seen.
                   A       B       C       D       E      F
               +-------+-------+-------+-------+-------+----------------------
         Total | 100.0 | 100.0 |   N/A |   N/A | 100.0 |  42.0
       Dungeon | 100.0 | 100.0 |   N/A |   N/A | 100.0 |  42.0
               +-------+-------+-------+-------+-------+----------------------

Table legend: (Time is in decaauts)
 A = Elapsed time spent in this place.
 B = Non-inter-level travel time spent in this place.
 C = Inter-level travel time spent in this place.
 D = Time resting spent in this place.
 E = Time spent auto-exploring this place.
 F = Levels seen in this place.
 G = Mean time per level.
                   A        B        C        D        E       F      G
               +--------+--------+--------+--------+--------+-----+--------+
         Total |   1062 |   1058 |      4 |     77 |    721 |   2 |  531.0 |
       Dungeon |   1062 |   1058 |      4 |     77 |    721 |   2 |  531.0 |
               +--------+--------+--------+--------+--------+-----+--------+

Top non-repeatable levels by time:
     D:1: 568 daAuts
     D:2: 493 daAuts
